 Dungeon Crawl Stone Soup version 0.23.2-1-ga50397a (webtiles) character file.

Game seed: 7317853191421117340

4632 Ytarr the Grappler (level 10, -11/138 HPs)
             Began as a Troll Berserker on May 1, 2019.
             Was an Elder of Trog.
             Mangled by a death yak (22 damage)
             ... on level 9 of the Dungeon.
             The game lasted 01:08:56 (6182 turns).

Ytarr the Grappler (Troll Berserker)                Turns: 6182, Time: 01:08:56

Health: -11/138    AC:  6    Str: 33    XL:     10   Next: 20%
Magic:  9/9        EV: 12    Int:  5    God:    Trog [****..]
Gold:   386        SH:  0    Dex: 11    Spells: 9/9 levels left

rFire    . . .     SeeInvis +   J - +0 whip (freeze)
rCold    . . .     Gourm    +   (no shield)
rNeg     + . .     Faith    .   s - +0 animal skin
rPois    .         Spirit   .   (helmet restricted)
rElec    .         Reflect  .   (no cloak)
rCorr    .         Harm     .   (gloves unavailable)
MR       .....                  (boots unavailable)
Stlth    ..........             y - amulet of the gourmand
HPRegen  0.73/turn              L - ring of see invisible
MPRegen  0.11/turn              a - ring "Biphuh" {rN+ Int+2}

@: berserking, very quick
A: large, unfitting armour, claws 3, fast metabolism 3, gourmand, regeneration
1, shaggy fur 1, tough skin 3
a: Berserk, Trog's Hand, Brothers in Arms, Renounce Religion


You were on level 9 of the Dungeon.
You worshipped Trog.
Trog was greatly pleased with you.
You were not hungry.

You visited 1 branch of the dungeon, and saw 9 of its levels.

You collected 386 gold pieces.

Inventory:

Hand Weapons
 G - a +3 dire flail of draining
 I - a +3 short sword
 J - a +0 whip of freezing (weapon)
Missiles
 f - 165 stones (quivered)
Armour
 s - a +0 animal skin (worn)
 F - the +2 leather armour "Lyepa" {Regen+ Str+2 Stlth-}
   (You found it on level 7 of the Dungeon)

   It affects your strength (+2).
   It increases your rate of regeneration.
   It makes you less stealthy.
Jewellery
 a - the ring "Biphuh" (right claw) {rN+ Int+2}
   (You took it off an orc priest on level 8 of the Dungeon)

   [ring of positive energy]

   It affects your intelligence (+2).
   It protects you from negative energy.
 c - an uncursed amulet of magic regeneration
 q - an uncursed ring of flight
 y - an amulet of the gourmand (around neck)
 L - a ring of see invisible (left claw)
Wands
 m - a wand of disintegration (10)
 w - a wand of flame (18)
 B - a wand of acid (10)
 E - a wand of digging (4)
Scrolls
 d - 2 scrolls of fog {unknown}
 e - 3 scrolls of teleportation {unknown}
 i - 3 scrolls of identify
 l - 3 scrolls of enchant armour {unknown}
 n - 2 scrolls of blinking {unknown}
 o - 2 scrolls of amnesia
 r - 3 scrolls of enchant weapon
 t - 2 scrolls of fear {unknown}
 v - 3 scrolls of remove curse
 x - 2 scrolls of magic mapping {unknown}
 H - a scroll of noise {unknown}
 K - a scroll of immolation {unknown}
 M - a scroll of brand weapon {unknown}
Potions
 g - 2 potions of ambrosia {unknown}
 h - a potion of cancellation {unknown}
 j - 2 potions of curing {unknown}
 k - 2 potions of mutation {unknown}
 p - a potion of might {unknown}
 u - a potion of brilliance {unknown}
 z - 4 potions of agility {unknown}
 A - a potion of haste {unknown}
 C - 2 potions of flight {unknown}
 D - a potion of heal wounds {unknown}
 N - a potion of lignification {unknown}
Comestibles
 b - 16 rations


   Skills:
 + Level 4.1 Fighting
 * Level 1.6 Maces & Flails
 + Level 0.1 Throwing
 + Level 5.7 Dodging
 - Level 1.4 Stealth
 - Level 12.5 Unarmed Combat


You had 9 spell levels left.
You didn't know any spells.
Your spell library was empty.

Dungeon Overview and Level Annotations

Branches:
Dungeon (9/15)             Temple (0/1) D:5            Lair (0/6) D:9
    Orc: D:9-12

Altars:
Cheibriados
Fedhas
Gozag
Makhleb
Nemelex Xobeh
Trog
Uskayaw
Vehumet
Wu Jian
Xom
Yredelemnul
Zin
The Shining One

Shops:
D:2 *   D:8 }

Annotations:
D:4 4 runed translucent doors, Crazy Yiuf; Fondut's ghost, amateur HaAM; pyrocord's ghost, amateur HOFi
D:8 1 runed translucent door, Ajohnson's ghost, novice DrFE


Innate Abilities, Weirdness & Mutations

You are too large for most types of armour.
You have claws for hands.
Your metabolism is lightning-fast.
You like to eat raw meat.
Your natural rate of healing is unusually fast.
You are covered in fur. (AC +1)
You have extremely tough skin. (AC +3)


Message History

The death yak misses you.
A river rat comes into view.
You hit the death yak. You freeze the death yak.
The death yak is moderately wounded.
The death yak gores you.
A quokka comes into view.
You hit the death yak but do no damage.
The death yak is moderately wounded.
A quokka comes into view.
The death yak gores you!
* * * LOW HITPOINT WARNING * * *
A rat comes into view.
You hit the death yak but do no damage. You claw the death yak.
The death yak is moderately wounded.
The death yak gores you!
* * * LOW HITPOINT WARNING * * *
A red film seems to cover your vision as you go berserk!
You feel yourself moving faster!
You feel mighty!
You feel a lot more hungry. The death yak gores you!!
You die...

. . # ##. ...#########
####.#
...........#######....#
###................#
#@########.....#.# #Y#
#........ #r# ##....<..


Yrr #....... ...r. ##...... ....... ####..... ......... #........
.......>.......###.... ##....?........ #.... You could see 2 death yaks, a river
rat, 2 quokkas and a rat.

Vanquished Creatures
  Pikel (D:7)
  Joseph (D:9)
  Grinder (D:4)
  Prince Ribbit (D:5)
  Eustachio (D:5)
  4 hogs (D:8)
  A human (D:8)
  Duvessa (D:7)
  3 orc warriors
  2 ice beasts
  A slave (D:7)
  A black bear (D:7)
  3 phantoms
  An ogre (D:4)
  2 centaurs
  A big kobold (D:7)
  4 bullfrogs
  Dowan (D:7)
  A scorpion (D:4)
  3 crimson imps
  A bullfrog zombie (D:6)
  A centaur zombie (D:8)
  2 jellies
  3 hounds
  3 orc priests
  A centaur skeleton (D:5)
  Jessica (D:3)
  Ijyb (D:4)
  9 worker ants
  8 orc wizards
  4 adders
  3 shadow imps (D:6)
  3 oozes
  2 adder zombies
  A worm (D:3)
  A dart slug (D:2)
  5 leopard geckos
  26 orcs
  4 giant cockroaches
  5 goblins
  2 hobgoblins
  7 jackals
  A quokka (D:2)
  A ball python (D:5)
  2 bats (D:1)
  4 frilled lizards
  9 kobolds
  A leopard gecko skeleton (D:4)
  6 rats
151 creatures vanquished.

Vanquished Creatures (others)
  A slave (D:7)
  A jelly (D:7)
2 creatures vanquished.

Grand Total: 153 creatures vanquished

Notes
Turn   | Place    | Note
-------+----------+-------------------------------------------
     0 | D:1      | Ytarr the Troll Berserker began the quest for the Orb.
     0 | D:1      | Reached XP level 1. HP: 22/22 MP: 0/0
   296 | D:1      | Reached XP level 2. HP: 29/29 MP: 1/1
   953 | D:2      | Found Zin's Purification Station.
   985 | D:2      | Found a glowing silver altar of Zin.
  1034 | D:2      | Reached XP level 3. HP: 35/36 MP: 2/2
  1161 | D:2      | Found a sparkling altar of Nemelex Xobeh.
  1204 | D:3      | Found a bloodstained altar of Trog.
  1258 | D:3      | Noticed Jessica
  1265 | D:3      | Killed Jessica
  1265 | D:3      | Reached skill level 4 in Unarmed Combat
  1294 | D:3      | Reached XP level 4. HP: 42/44 MP: 3/3
  1375 | D:3      | Reached ** piety under Trog
  1872 | D:4      | Found a hide-covered altar of Uskayaw.
  2122 | D:4      | Noticed Ijyb
  2131 | D:4      | Killed Ijyb
  2131 | D:4      | Reached XP level 5. HP: 51/52 MP: 4/4
  2159 | D:4      | Reached skill level 5 in Unarmed Combat
  2264 | D:4      | Noticed an ogre
  2267 | D:4      | Killed an ogre
  2458 | D:4      | Found a runed translucent gate.
  2458 | D:4      | Found a runed translucent gate.
  2458 | D:4      | Found a runed translucent gate.
  2460 | D:4      | Noticed pyrocord's ghost (amateur HOFi)
  2460 | D:4      | Noticed Fondut's ghost (amateur HaAM)
  2490 | D:4      | Noticed Grinder
  2499 | D:4      | Killed Grinder
  2499 | D:4      | Reached skill level 6 in Unarmed Combat
  2499 | D:4      | Reached XP level 6. HP: 35/59 MP: 5/5
  2550 | D:4      | Found a runed translucent door.
  2551 | D:4      | Noticed Crazy Yiuf
  2629 | D:4      | Reached XP level 7. HP: 39/67 MP: 6/6
  2705 | D:4      | Reached skill level 7 in Unarmed Combat
  2776 | D:4      | You fall through a shaft!
  2776 | D:5      | Entered Level 5 of the Dungeon
  2855 | D:5      | Noticed Prince Ribbit
  2863 | D:5      | Killed Prince Ribbit
  2903 | D:5      | Reached skill level 8 in Unarmed Combat
  3115 | D:5      | Found a glowing golden altar of the Shining One.
  3118 | D:5      | Found a radiant altar of Vehumet.
  3121 | D:5      | Found an ornate altar of the Wu Jian Council.
  3124 | D:5      | Found a burning altar of Makhleb.
  3194 | D:5      | Noticed Eustachio
  3217 | D:5      | Killed Eustachio
  3338 | D:5      | Found a staircase to the Ecumenical Temple.
  3358 | D:5      | Reached XP level 8. HP: 75/75 MP: 7/7
  3463 | D:5      | Reached skill level 9 in Unarmed Combat
  3600 | D:5      | Found a snail-covered altar of Cheibriados.
  4006 | D:6      | Reached *** piety under Trog
  4157 | D:6      | Reached skill level 10 in Unarmed Combat
  4191 | D:6      | Found a blossoming altar of Fedhas.
  4307 | D:6      | You fall through a shaft!
  4351 | D:7      | Noticed Pikel
  4359 | D:7      | Killed Pikel
  4359 | D:7      | Reached skill level 1 in Stealth
  4359 | D:7      | Reached XP level 9. HP: 65/83 MP: 8/8
  4394 | D:7      | Reached skill level 11 in Unarmed Combat
  4494 | D:7      | Found an opulent altar of Gozag.
  4495 | D:7      | Noticed Duvessa
  4497 | D:7      | Noticed Dowan
  4504 | D:7      | Killed Duvessa
  4506 | D:7      | Killed Dowan
  4509 | D:7      | Reached skill level 5 in Dodging
  4612 | D:7      | Reached **** piety under Trog
  4753 | D:7      | Got a smoking leather armour
  5003 | D:7      | Identified the +2 leather armour "Lyepa" {Regen+ Str+2
                  | Stlth-} (You found it on level 7 of the Dungeon)
  5191 | D:8      | Identified the ring "Biphuh" {rN+ Int+2}
  5203 | D:8      | Reached skill level 12 in Unarmed Combat
  5344 | D:8      | Found a runed translucent door.
  5344 | D:8      | Found a shimmering altar of Xom.
  5344 | D:8      | Noticed Ajohnson's ghost (novice DrFE)
  5344 | D:8      | Noticed a +1 spear of chaos
  5382 | D:8      | Reached XP level 10. HP: 92/92 MP: 9/9
  5519 | D:8      | Found a basalt altar of Yredelemnul.
  5671 | D:8      | Found Atuyh's Gadget Emporium.
  6019 | D:9      | Noticed Joseph
  6046 | D:9      | HP: 2/138 [Joseph/+0 quarterstaff (8)]
  6047 | D:9      | Killed Joseph
  6047 | D:9      | Reached skill level 1 in Maces & Flails
  6167 | D:9      | Noticed a death yak
  6168 | D:9      | Found a staircase to the Lair.
  6176 | D:9      | Noticed a death yak
  6182 | D:9      | Mangled by a death yak

Skill      XL: |  1  2  3  4  5  6  7  8  9 10 |
---------------+-------------------------------+-----
Unarmed Combat | 4 6 8 10 12 | 12.5
Dodging        | 3 4 5 |  5.7
Fighting       | 3 4 |  4.1
Stealth        | 1 |  1.4
Maces & Flails | 1 |  1.6
Throwing       | |  0.1

Action                   |  1- 3 |  4- 6 |  7- 9 | 10-12 || total
-------------------------+-------+-------+-------+-------++-------
Melee: Unarmed           |    72 |    62 |   278 |    21 ||   433
       Punch             |     1 |     3 |    11 |     7 ||    22
       Whip              |       |       |       |    77 ||    77
Throw: Stone             |       |       |     4 |       ||     4
Invok: Berserk           |       |       |     3 |     3 ||     6
       Trog's Hand       |       |       |     1 |       ||     1
  Use: Scroll            |       |       |     5 |     1 ||     6
       Potion            |       |       |     1 |       ||     1
 Stab: Sleeping          |     1 |       |     1 |       ||     2
  Eat: Chunk             |     4 |     8 |    29 |     4 ||    45
       Ration            |     2 |     1 |     2 |       ||     5
Armor: Animal skin       |    23 |    24 |    77 |    12 ||   136
Dodge: Dodged            |    19 |    21 |   155 |    43 ||   238
